 Dungeon Crawl Stone Soup version 0.18.1-48-g4cf74bf (webtiles) character file.

2982 dorian the Carver (level 9, -10/67 HPs)
             Began as a Demigod Warper on Aug 31, 2016.
             Mangled by an orc warrior
             ... wielding a +0 short sword
              (11 damage)
             ... on level 6 of the Dungeon.
             The game lasted 00:19:25 (10613 turns).

dorian the Carver (Demigod Warper)                 Turns: 10613, Time: 00:19:26

Health: -10/67     AC: 14    Str: 14    XL:     9   Next: 28%
Magic:  14/14      EV: 17    Int: 17    God:
Gold:   333        SH:  0    Dex: 21    Spells: 2 memorised, 8 levels left

rFire  . . .     SeeInvis .     p - +0 flail (protect)
rCold  . . .     Gourm    .     b - +0 leather armour
rNeg   . . .     Faith    .     (no shield)
rPois  .         Spirit   .     q - +0 helmet
rElec  .         Dismiss  +     (no cloak)
rCorr  .         Reflect  .     h - +0 pair of gloves
SustAt +         Harm     .     u - +2 pair of boots
MR     .....                    J - amulet of dismissal
Stlth  ++........               (no ring)
                                (no ring)

@: not resistant to hostile enchantments, unstealthy
A: high mp 1, sustain attributes
a: no special abilities


You were on level 6 of the Dungeon.
You were hungry.

You visited 1 branch of the dungeon, and saw 9 of its levels.

You collected 333 gold pieces.

Inventory:

Hand Weapons
 a - a +1 falchion
 p - a +0 flail of protection (weapon)
   (You found it on level 2 of the Dungeon)
 H - a +2 spear of venom
   (You found it on level 5 of the Dungeon)
Missiles
 c - 35 poisoned needles
 g - 4 needles of confusion
 l - 6 javelins (quivered)
 x - 5 tomahawks of returning
 I - 6 tomahawks
Armour
 b - a +0 leather armour (worn)
 h - a +0 pair of gloves (worn)
   (You found it on level 1 of the Dungeon)
 q - a +0 helmet (worn)
   (You found it on level 3 of the Dungeon)
 u - a +2 pair of boots (worn)
   (You found it on level 3 of the Dungeon)
Jewellery
 w - an uncursed ring of sustain attributes
   (You found it on level 3 of the Dungeon)
 J - an amulet of dismissal (around neck)
   (You found it on level 5 of the Dungeon)
Wands
 e - a wand of confusion (21/48)
   (You found it on level 6 of the Dungeon)
 G - a wand of hasting (2/9)
   (You found it on level 5 of the Dungeon)
Scrolls
 d - a scroll of blinking
 i - 3 scrolls of fear
 k - 3 scrolls of remove curse
 r - 2 scrolls of identify
 s - a scroll of enchant armour
 v - 2 scrolls of teleportation
Potions
 j - a potion of lignification {unknown}
 n - 2 potions of brilliance {unknown}
 z - 4 potions of heal wounds {unknown}
 B - a potion of cure mutation {unknown}
 D - 2 potions of might {unknown}
 E - a potion of flight {unknown}
 F - 2 potions of agility {unknown}
 L - 2 potions of haste {unknown}
Books
 A - a book of Spatial Translocations

   Spells                             Type                      Level
   a - Apportation                    Translocation                1
   b - Blink                          Translocation                2
   c - Shroud of Golubria             Charms/Translocation         2
   d - Portal Projectile              Translocation                3
   e - Teleport Other                 Translocation                3
   f - Passage of Golubria            Translocation                4
Comestibles
 f - 7 bread rations
 m - 3 fruits
 o - 4 meat rations
 Z - 4 chunks of flesh


   Skills:
 - Level 1.7 Fighting
 * Level 8.6 Long Blades
 - Level 0.8 Throwing
 - Level 4.2 Armour
 + Level 6.5 Dodging
 - Level 1.0 Stealth
 - Level 1.7 Spellcasting
 + Level 5.0 Translocations


You had 8 spell levels left.
You knew the following spells:

 Your Spells              Type           Power        Failure   Level  Hunger
a - Apportation           Tloc           ###.......   3%          1    #......
b - Blink                 Tloc           N/A          6%          2    ###....


Dungeon Overview and Level Annotations

Branches:
Dungeon (9/15)             Temple (0/1) D:5
   Lair: D:8-11         Orc: D:9-12

Annotations:
D:8 Erolcha


Innate Abilities, Weirdness & Mutations

You have an increased reservoir of magic (+10% MP).
Your attributes are resistant to harm.


Message History

You closely miss the orc warrior.
The orc warrior is lightly wounded.
The orc warrior misses you.
You closely miss the orc warrior.
The orc warrior is lightly wounded.
The orc warrior hits you with a short sword.
* * * LOW HITPOINT WARNING * * *
The orc warrior hits you but does no damage.
You closely miss the orc warrior.
The orc warrior is lightly wounded.
The orc warrior misses you.
You completely miss the orc warrior.
The orc warrior is lightly wounded.
The orc warrior closely misses you. x2
You hit the orc warrior but do no damage.
The orc warrior is lightly wounded.
The orc warrior completely misses you.
You hit the orc warrior.
The orc warrior is lightly wounded.
The orc warrior hits you but does no damage.
You barely miss the orc warrior.
The orc warrior is lightly wounded.
The orc warrior hits you but does no damage.
The orc warrior hits you with a short sword!
* * * LOW HITPOINT WARNING * * *
You barely miss the orc warrior.
The orc warrior is lightly wounded.
The orc warrior hits you but does no damage.
You barely miss the orc warrior.
The orc warrior is lightly wounded.
The orc warrior completely misses you. x2
You hit the orc warrior.
The orc warrior is moderately wounded.
The orc warrior closely misses you.
You hit the orc warrior.
The orc warrior is heavily wounded.
The orc warrior hits you with a short sword!
* * * LOW HITPOINT WARNING * * *
You hit the orc warrior but do no damage.
The orc warrior is heavily wounded.
The orc warrior misses you. The orc warrior barely misses you.
You closely miss the orc warrior.
The orc warrior is heavily wounded.
The orc warrior completely misses you.
You hit the orc warrior.
The orc warrior is severely wounded.
The orc warrior hits you with a short sword!
* * * LOW HITPOINT WARNING * * *
The orc warrior hits you with a short sword!
You die...

....#.# ##.## #.........# ......#
#.# #.........# ......## #.#
#.........# .......# ##'##
####...######## ......####...##
#...# #.... .....####.....##
##...# #.#.. ....####.......##
##.#.## #.#..
....###........)####....#####.##.
......+.......).@o>..............
....###.........###.....#####.###
#.#.# ##.......## #.#.### #....
###.# ##.....## #.### ##### .##.#
##...## #.# # <...#######'## #.#
# .####........# #.# #
#####.#####..# #.# #
#.........#..# #.# #


You could see an orc warrior.

Vanquished Creatures
  The ghost of ThereIsNoGod the Chopper, a novice MiGl of Xom (D:4)
  A water moccasin (D:9)
  2 sky beasts
  2 ice beasts (D:8)
  8 ogres
  3 centaurs
  2 giant frogs (D:6)
  4 scorpions
  2 crimson imps
  A jelly (D:5)
  A centaur skeleton (D:6)
  A giant frog skeleton (D:4)
  5 hounds
  A quasit (D:6)
  4 iguanas
  Natasha (thrice) (D:3)
  2 orc wizards
  2 worker ants (D:4)
  A killer bee zombie (D:5)
  8 adders
  13 gnolls
  A howler monkey skeleton (D:5)
  A shadow imp (D:5)
  2 oozes
  6 worms
  5 giant geckos
  12 orcs
  A ball python (D:1)
  5 giant cockroaches
  10 goblins
  4 hobgoblins
  7 jackals
  5 kobolds
  4 quokkas
  8 bats
  8 giant newts
  5 rats
151 creatures vanquished.

Vanquished Creatures (others)
  A bush (D:5)
1 creature vanquished.

Grand Total: 152 creatures vanquished

Notes
Turn   | Place    | Note
--------------------------------------------------------------
     0 | D:1      | dorian the Demigod Warper began the quest for the Orb.
     0 | D:1      | Reached XP level 1. HP: 17/17 MP: 5/5
   147 | D:1      | Reached skill level 2 in Long Blades
   251 | D:1      | Reached skill level 2 in Dodging
   502 | D:1      | Reached XP level 2. HP: 24/24 MP: 7/7
   511 | D:1      | HP: 11/24 [hobgoblin (3)]
   592 | D:1      | HP: 12/24 [goblin/club (4)]
  1474 | D:2      | Reached XP level 3. HP: 29/29 MP: 8/8
  1632 | D:2      | Reached skill level 3 in Dodging
  1632 | D:2      | Reached skill level 1 in Stealth
  1655 | D:2      | Learned a level 2 spell: Blink
  1699 | D:2      | Reached skill level 1 in Armour
  1981 | D:2      | HP: 12/29 [worm (5)]
  2235 | D:2      | Reached XP level 4. HP: 33/36 MP: 9/9
  2607 | D:3      | Found a shadowy altar of Dithmenos.
  2711 | D:3      | Noticed Natasha
  2968 | D:3      | HP: 17/36 [something/magic dart (6)]
  2974 | D:3      | HP: 15/36 [something/magic dart (3)]
  2977 | D:3      | HP: 2/36 [something/puff of flame (9)]
  2986 | D:3      | Reached skill level 3 in Long Blades
  3304 | D:3      | Killed Natasha
  3304 | D:3      | Reached XP level 5. HP: 28/41 MP: 10/10
  3438 | D:3      | Noticed Natasha
  3446 | D:3      | Killed Natasha
  3446 | D:3      | Reached skill level 2 in Armour
  3808 | D:3      | Noticed Natasha
  3814 | D:3      | Killed Natasha
  4012 | D:4      | Noticed ThereIsNoGod's ghost (novice MiGl)
  4089 | D:4      | ThereIsNoGod's ghost turns its malevolent gaze towards you.
  4100 | D:4      | HP: 22/61 [ThereIsNoGod's ghost (10)]
  4103 | D:4      | Killed ThereIsNoGod's ghost
  4103 | D:4      | Reached skill level 5 in Long Blades
  4103 | D:4      | Reached skill level 3 in Armour
  4103 | D:4      | Reached skill level 4 in Dodging
  4103 | D:4      | Reached XP level 6. HP: 23/48 MP: 11/11
  4365 | D:4      | HP: 22/48 [ogre/giant club (18)]
  4370 | D:4      | HP: 11/48 [giant newt (1)]
  4371 | D:4      | Reached XP level 7. HP: 12/53 MP: 12/12
  4932 | D:4      | HP: 16/53 [ogre/giant club (13)]
  5124 | D:4      | Reached skill level 6 in Long Blades
  5124 | D:4      | Reached skill level 5 in Dodging
  5305 | D:4      | Found a basalt altar of Yredelemnul.
  5420 | D:4      | Reached skill level 4 in Armour
  5587 | D:5      | Entered Level 5 of the Dungeon
  5611 | D:5      | Reached XP level 8. HP: 56/60 MP: 13/13
  5666 | D:5      | HP: 29/60 [gnoll/halberd (13)]
  5668 | D:5      | HP: 13/60 [gnoll/halberd (3)]
  6350 | D:5      | Reached skill level 3 in Translocations
  6590 | D:5      | Found a staircase to the Ecumenical Temple.
  6707 | D:5      | HP: 24/60 [worm (9)]
  6916 | D:5      | Found a bloodstained altar of Trog.
  7373 | D:5      | Reached skill level 7 in Long Blades
  7376 | D:5      | HP: 30/60 [poisoned by a scorpion]
  7382 | D:5      | HP: 27/60 [poisoned by a scorpion]
  7388 | D:5      | HP: 25/60 [poisoned by a scorpion]
  7396 | D:5      | HP: 25/60 [poisoned by a scorpion]
  7404 | D:5      | HP: 24/60 [poisoned by a scorpion]
  8459 | D:6      | Found a glowing golden altar of the Shining One.
  8478 | D:6      | You fall through a shaft for 2 floors!
  8549 | D:8      | Noticed Erolcha
  8560 | D:9      | Found a glowing silver altar of Zin.
  8578 | D:9      | HP: 23/60 [orc warrior/war axe (12)]
  8583 | D:9      | HP: 23/60 [poisoned by a water moccasin]
  8583 | D:9      | HP: 9/60 [orc warrior/war axe (14)]
  8914 | D:9      | HP: 27/60 [something (5)]
  8917 | D:9      | Reached skill level 6 in Dodging
  8917 | D:9      | Reached skill level 4 in Translocations
  9111 | D:9      | HP: 26/60 [orc priest/divine providence (12)]
  9120 | D:9      | HP: 17/60 [quasit (1)]
  9122 | D:9      | HP: 6/60 [water moccasin (8)]
  9130 | D:9      | HP: 17/90 [water moccasin (4)]
  9385 | D:8      | HP: 28/60 [ice beast (10)]
  9571 | D:8      | Reached skill level 8 in Long Blades
  9571 | D:8      | Reached XP level 9. HP: 56/67 MP: 14/14
 10596 | D:6      | Reached skill level 5 in Translocations
 10599 | D:6      | HP: 32/67 [orc warrior/short sword (7)]
 10606 | D:6      | HP: 20/67 [orc warrior/short sword (8)]
 10610 | D:6      | HP: 9/67 [orc warrior/short sword (12)]
 10613 | D:6      | HP: 1/67 [orc warrior/short sword (9)]
 10613 | D:6      | Mangled by an orc warrior

Skill      XL: |  1  2  3  4  5  6  7  8  9 |
---------------+----------------------------+-----
Long Blades    | 2 3 5 6 8 |  8.6
Dodging        | 2 3 4 5 6 |  6.5
Stealth        | 1 |  1.0
Armour         | 1 3 4 |  4.2
Translocations | 4 5 |  5.0
Fighting       | |  1.7
Throwing       | |  0.8
Spellcasting   | |  1.7

Action                   |  1- 3 |  4- 6 |  7- 9 || total
-------------------------+-------+-------+-------++-------
Melee: Falchion          |    95 |       |       ||    95
       Flail             |    84 |   207 |   658 ||   949
Throw: Tomahawk          |       |       |     5 ||     5
 Cast: Apportation       |       |       |     1 ||     1
       Blink             |       |       |     1 ||     1
Evoke: Wand              |       |       |     1 ||     1
  Use: Potion            |       |     2 |     2 ||     4
       Scroll            |       |     1 |    10 ||    11
 Stab: Sleeping          |     4 |       |     6 ||    10
  Eat: Chunk             |     4 |     9 |     9 ||    22
       Beef jerky        |       |       |     4 ||     4
       Meat ration       |       |       |     1 ||     1
       Royal jelly       |       |       |     1 ||     1
Armor: Leather armour    |    69 |    85 |   288 ||   442
Dodge: Dodged            |   147 |   144 |   683 ||   974
